 Dungeon Crawl Stone Soup version 0.21.1 (webtiles) character file.

133 shakethe the Skirmisher (level 5, 0/54 HPs)
             Began as an Ogre Skald on Feb 4, 2018.
             Succumbed to a worker ant's poison
             ... on level 4 of the Dungeon.
             The game lasted 00:14:03 (3494 turns).

shakethe the Skirmisher (Ogre Skald)                Turns: 3494, Time: 00:14:03

Health: 0/54       AC:  3    Str: 16    XL:     5   Next: 16%
Magic:  2/8        EV: 10    Int: 14    God:
Gold:   185        SH:  0    Dex:  8    Spells: 2/8 levels left

rFire    + . .     SeeInvis .   a - +0 mace
rCold    + . .     Gourm    .   (no shield)
rNeg     . . .     Faith    .   b - +0 robe
rPois    +         Spirit   .   (helmet restricted)
rElec    +         Reflect  .   (no cloak)
rCorr    +         Harm     .   (gloves unavailable)
MR       .....                  (boots unavailable)
Stlth    +.........             (no amulet)
HPRegen  0.18/turn              j - ring of resist corrosion
MPRegen  0.11/turn              (no ring)

@: lethally poisoned (0 -> -2), resistant, berserk cooldown, very slightly
contaminated, slowed, invisible, very slow
A: large, unfitting armour, tough skin 1
a: no special abilities


You were on level 4 of the Dungeon.
You were not hungry.

You visited 1 branch of the dungeon, and saw 4 of its levels.

You collected 185 gold pieces.

Inventory:

Hand Weapons
 a - a +0 mace (weapon)
Armour
 b - a +0 robe (worn)
 o - a cursed +0 robe
 q - a +0 shield
Jewellery
 j - a ring of resist corrosion (left hand)
Scrolls
 e - a scroll of identify
 f - 3 scrolls of remove curse {unknown}
 h - a scroll of fog {unknown}
 i - a scroll of enchant weapon {unknown}
 k - a scroll of magic mapping {unknown}
 n - a scroll of enchant armour {unknown}
 p - 2 scrolls of immolation {unknown}
Books
 c - a book of Battle

   Spells                             Type                      Level
   a - Infusion                       Charms                       1
   b - Shroud of Golubria             Charms/Translocation         2
   c - Song of Slaying                Charms                       2
   d - Spectral Weapon                Hexes/Charms                 3
   e - Regeneration                   Charms/Necromancy            3
Comestibles
 d - 2 rations
 r - 2 chunks of flesh


   Skills:
 + Level 4.0 Fighting
 * Level 3.6 Maces & Flails
 - Level 2.1 Dodging
 - Level 2.4 Spellcasting
 + Level 3.4 Charms


You had 2 spell levels left.
You knew the following spells:

 Your Spells              Type           Power        Failure   Level  Hunger
a - Infusion              Chrm           ##..         5%          1    #......
b - Shroud of Golubria    Chrm/Tloc      #.........   17%         2    ###....
c - Regeneration          Chrm/Necr      #.........   32%         3    ###....


Dungeon Overview and Level Annotations

Branches:
Dungeon (4/15)
 Temple: D:4-7

Altars:
Trog


Innate Abilities, Weirdness & Mutations

You are too large for most types of armour.
You have tough skin. (AC +1)


Message History

Okay, then.
A red film seems to cover your vision as you go berserk!
You feel yourself moving faster!
You feel mighty!
You feel a strong urge to attack something.
* * * LOW HITPOINT WARNING * * *
You feel sick.
You feel your anger nearly subside.
You are no longer berserk.
You are exhausted.
You feel yourself slow down.
Casting: Regeneration
Confirm with . or Enter, or press ? or * to list all spells.
You don't have enough magic to cast that spell.
* * * LOW HITPOINT WARNING * * *
You feel sick.
You fade into invisibility!
You are very lightly contaminated with residual magic.
* * * LOW HITPOINT WARNING * * *
You feel sick.
There is an open door here.
You die...

#.....# #.# .#
#.....# #.# .#
#.....# #.# ..
#.....# #.....#
#.....########.
#.....'........
#.....########.
#...@.# ####'##
#.# #.#
#.####.##
#.......#
######..#


There were no monsters in sight!

Vanquished Creatures
  A hound (D:4)
  A worker ant (D:4)
  An adder (D:2)
  A worm (D:2)
  2 dart slugs
  12 bats
  A giant cockroach (D:2)
  10 goblins
  10 hobgoblins
  6 jackals (D:3)
  5 kobolds
  A ball python (D:1)
  2 frilled lizards
  9 rats
62 creatures vanquished.

Notes
Turn   | Place    | Note
-------+----------+-------------------------------------------
     0 | D:1      | shakethe the Ogre Skald began the quest for the Orb.
     0 | D:1      | Reached XP level 1. HP: 22/22 MP: 3/3
   135 | D:1      | Reached skill level 3 in Fighting
   135 | D:1      | Reached XP level 2. HP: 29/31 MP: 5/5
   366 | D:1      | Learned a level 2 spell: Shroud of Golubria
  1003 | D:1      | Reached XP level 3. HP: 37/37 MP: 6/6
  1539 | D:2      | Learned a level 3 spell: Regeneration
  2256 | D:2      | Reached XP level 4. HP: 42/45 MP: 5/7
  2530 | D:2      | Found a faded altar of an unknown god.
  2826 | D:3      | Found a bloodstained altar of Trog.
  3470 | D:4      | Reached skill level 4 in Fighting
  3470 | D:4      | Reached XP level 5. HP: 7/54 MP: 2/8
  3485 | D:4      | HP: 2/54 [poisoned by a worker ant]
  3490 | D:4      | HP: 1/54 [poisoned by a worker ant]
  3494 | D:4      | Succumbed to a worker ant's poison

Skill      XL: |  1  2  3  4 |
---------------+-------------+-----
Maces & Flails | 2 3 |  3.6
Fighting       | 3 4 |  4.0
Charms         | 3 |  3.4
Dodging        | |  2.1
Spellcasting   | |  2.4

Action                   |  1- 3 |  4- 6 || total
-------------------------+-------+-------++-------
Melee: Mace              |   171 |    56 ||   227
 Cast: Shroud of Golubri |     6 |     2 ||     8
       Regeneration      |       |     1 ||     1
  Use: Scroll            |       |     4 ||     4
       Potion            |       |     3 ||     3
  Eat: Chunk             |     5 |     4 ||     9
Armor: Robe              |   101 |    22 ||   123
Dodge: Dodged            |   150 |    46 ||   196
